Map: Ulrena

Players

ILLBdA - Winner!

  • Race: Protoss Protoss
  • League: Diamond

불곰

  • Race: Protoss Protoss
  • League: Diamond

VOD

Have the link to the VOD?

Description

Time

  • Played on: Dec. 14, 2015, 9:23 a.m.
  • Length: 3:35
Show
View Real Time Build Order
Export as new Build Order

ILLBdA Protoss - Winner!

Build Orders: Cannon Rush 

Get SALT Encoding   

  12  0:01  Probe (Chrono Boost)  
  13  0:11  Probe (Chrono Boost)  
  14  0:20  Pylon  
  14  0:23  Probe (Chrono Boost)  
  15  0:38  Probe (Chrono Boost)  
  15  0:39  Forge  
  16  0:48  Probe (Chrono Boost)  
  17  0:59  Probe (Chrono Boost)  
  18  1:17  Pylon  
  18  1:18  Pylon  
  18  1:20  Pylon  
  18  1:26  Pylon  
  18  1:27  Probe (Chrono Boost)  
  18  1:36  Pylon, Photon Cannon  
  18  1:37  Pylon  
  18  1:40  Photon Cannon  
  18  1:42  Pylon  
  18  1:50  Photon Cannon  
  18  1:56  Pylon  
  18  2:08  Photon Cannon  
  18  2:26  Photon Cannon  
  18  2:30  Gateway  
  18  2:33  Probe (Chrono Boost)  
  19  2:46  Photon Cannon  
  19  3:02  Photon Cannon  
  17  3:22  Pylon  
Show
View Real Time Build Order
Export as new Build Order

불곰 Protoss 

Build Orders:  

Get SALT Encoding   

  12  0:00  Probe (Chrono Boost)  
  13  0:11  Probe (Chrono Boost)  
  14  0:22  Probe (Chrono Boost)  
  14  0:24  Pylon  
  15  0:42  Probe (Chrono Boost), Gateway  
  16  0:51  Assimilator  
  16  0:53  Probe (Chrono Boost)  
  16  0:54  Assimilator  
  17  1:03  Probe (Chrono Boost)  
  18  1:14  Probe (Chrono Boost)  
  19  1:24  Probe (Chrono Boost)  
  20  1:30  Zealot (Chrono Boost)  
  22  1:36  Cybernetics Core  
  22  1:40  Probe, Pylon  
  23  1:59  Zealot (Chrono Boost)  
  25  2:12  Mothership Core (Chrono Boost), Pylon  
  22  3:05  Pylon  
Tags
 
Matchup
PvP
Replay Pack
me
Add a new tag
Caveats
  • Supply blocks, unpowered buildings, or Contaminate may cause inaccurate times.
  • Supply counts are checked every 10 seconds.